 Seeded DCSS version 0.24.0 (webtiles) character file.

Game seed: 1, levelgen mode: deterministic

221 BigChef the Poker (level 5, -11/37 HPs)
             Began as a Demonspawn Chaos Knight on Feb 4, 2020.
             Was a Plaything of Xom.
             Mangled by an ogre
             ... wielding a +0 giant club
              (38 damage)
             ... on level 4 of the Dungeon.
             The game lasted 00:04:13 (2594 turns).

BigChef the Poker (Demonspawn Chaos Knight)         Turns: 2594, Time: 00:04:13

Health: -11/37     AC:  8    Str: 14    XL:     5   Next: 65%
Magic:  4/4        EV: 11    Int: 18    God:    Xom [......]
Gold:   198        SH:  6    Dex: 12    Spells: 4/4 levels left

rFire    . . .     SeeInvis .   a - +2 spear (chaos)
rCold    . . .     Gourm    .   (no shield)
rNeg     . . .     Faith    .   b - +2 leather armour
rPois    .         Spirit   .   (no helmet)
rElec    .         Reflect  .   (no cloak)
rCorr    .         Harm     .   q - +0 pair of gloves
MR       +....                  (no boots)
Stlth    ++........             (no amulet)
HPRegen  0.00/turn              g - +5 ring of intelligence
MPRegen  0.09/turn              h - +2 ring of protection

@: no status effects
A: large bone plates 2, frail 1, low mp 1, magic resistance 1, inhibited
regeneration
a: Renounce Religion


You were on level 4 of the Dungeon.
You worshipped Xom.
You were a very special plaything of Xom.
You were not hungry.

You visited 1 branch of the dungeon, and saw 4 of its levels.

You collected 198 gold pieces.

Inventory:

Hand Weapons
 a - a +2 spear of chaos (weapon)
Armour
 b - a +2 leather armour (worn)
 q - a +0 pair of gloves (worn)
Jewellery
 g - a +5 ring of intelligence (left hand)
 h - a +2 ring of protection (right hand)
 j - an uncursed ring of resist corrosion
 k - a +1 ring of protection
 l - an uncursed ring of wizardry
 n - an uncursed ring of stealth
Scrolls
 d - a scroll of remove curse
 f - 2 scrolls of magic mapping
 o - 2 scrolls of teleportation
 p - a scroll of identify
Potions
 e - 2 potions of flight
 i - a potion of lignification {unknown}
 m - a potion of brilliance
 r - a potion of invisibility
Comestibles
 c - 4 rations


   Skills:
 + Level 3.9 Fighting
 + Level 4.7 Polearms
 + Level 2.2 Armour
 + Level 1.1 Dodging
 + Level 1.7 Stealth


You had 4 spell levels left.
You didn't know any spells.
Your spell library was empty.

Dungeon Overview and Level Annotations

Branches:
Dungeon (4/15)
 Temple: D:4-7

Altars:


Innate Abilities, Weirdness & Mutations

You are mostly covered in large bone plates. (SH +6)
You are frail. (-10% HP)
Your magical capacity is low. (-10% MP)
You are resistant to hostile enchantments. (MR+)
You do not regenerate when monsters are visible.


Message History

Aim: an ogre, wielding a +0 giant club You reach to attack!
You barely miss the ogre. You puncture the ogre!
The ogre flickers and vanishes!
Deactivating autopickup; reactivate with Ctrl-A.
Something hits you!
No target in view!
No target in view!
No target in view!
No target in view!
No target in view!
No target in view!
No target in view!
No target in view!
There is a strange disturbance nearby!
You closely miss something. You hit something.
Something hits you but does no damage.
You closely miss something. Something hits you!!!
Ouch! That really hurt!
You die...
Xom is highly amused!

#.#.###.# #.#.#.##..#
#.#.#.##.## ......##.#
#.##..##.# #.##..##.#
######### #.##..##.###
........####.##....[..#
#######..@..........#.#
#######..###.##.#####.#
.........###.##.# #.#
#######.........# #.#
#.........$.#### #.#
#..###.###### #.# #..#
#.# #.# #..# #.# #.#
....# #.# #.#


There were no monsters in sight!

Vanquished Creatures
  A centaur skeleton (D:4)
  A bullfrog skeleton (D:4)
  2 worker ants
  7 adders
  An adder skeleton (D:4)
  A worm (D:2)
  A dart slug (D:3)
  A leopard gecko (D:1)
  An orc (D:3)
  3 giant cockroaches
  5 goblins
  5 hobgoblins
  12 kobolds
  A ball python (D:1)
  5 bats
  3 frilled lizards
  4 rats
54 creatures vanquished.

Notes
Turn   | Place    | Note
-------+----------+-------------------------------------------
     0 | D:1      | BigChef the Demonspawn Chaos Knight began the quest for the
                  | Orb.
     0 | D:1      | Reached XP level 1. HP: 18/18 MP: 1/1
    29 | D:1      | XOM: harmless Pois miscast
   135 | D:1      | Gained mutation: You are partially covered in large bone
                  | plates. (SH +4) [demonic ancestry]
   135 | D:1      | Reached XP level 2. HP: 24/24 MP: 2/2
   181 | D:1      | XOM: silly message
   267 | D:1      | Reached skill level 3 in Polearms
   708 | D:2      | XOM: harmless Air miscast
   829 | D:2      | Gained mutation: You are mostly covered in large bone
                  | plates. (SH +6) [demonic ancestry]
   829 | D:2      | Reached XP level 3. HP: 29/29 MP: 3/3
  1106 | D:2      | XOM: harmless Pois miscast
  1374 | D:2      | Gained mutation: You do not regenerate when monsters are
                  | visible. [potion of mutation]
  1374 | D:2      | Gained mutation: You are frail. (-10% HP) [potion of
                  | mutation]
  1374 | D:2      | Gained mutation: Your magical capacity is low. (-10% MP)
                  | [potion of mutation]
  1374 | D:2      | Gained mutation: You are resistant to hostile enchantments.
                  | (MR+) [potion of mutation]
  1400 | D:3      | Reached skill level 1 in Stealth
  1400 | D:3      | Reached XP level 4. HP: 33/33 MP: 3/3
  1469 | D:3      | XOM: harmless Air miscast
  1592 | D:3      | Reached skill level 4 in Polearms
  1640 | D:3      | Reached skill level 1 in Dodging
  1831 | D:3      | XOM: 1-stop teleportation journey
  1892 | D:3      | XOM: medium Ice miscast
  1971 | D:3      | XOM: medium Necr miscast
  2289 | D:3      | XOM: stat loss: -1 Str (13/14)
  2337 | D:3      | Reached XP level 5. HP: 37/37 MP: 4/4
  2572 | D:4      | Noticed an ogre
  2573 | D:4      | XOM: 1-stop teleportation journey
  2594 | D:4      | Mangled by an ogre

Levels and vault maps discovered:
D:1:      roderic_dead_forest, layout_basic
D:2:      layout_basic
D:3:      layout_basic
D:4:      layout_loops_ring, uniq_grinder
